 Dungeon Crawl Stone Soup version 0.27.1-34-g3ba077fa99 (webtiles) character file.

Game seed: 9825423120356464850

163 McKennaii the Poker (level 5, -4/41 HPs)
             Began as a Demonspawn Fighter on Jan 15, 2022.
             Killed from afar by Maggie (8 damage)
             ... with a bolt of fire
             ... on level 6 of the Dungeon.
             The game lasted 00:03:32 (1640 turns).

McKennaii the Poker (Demonspawn Fighter)            Turns: 1640, Time: 00:03:33

Health: -4/41      AC: 10    Str: 18    XL:     5   Next: 20%
Magic:  5/5        EV:  7    Int:  9    God:
Gold:   78         SH:  9    Dex: 12    Spells: 4/4 levels left

rFire    . . .     SeeInvis .   a - +0 trident
rCold    . . .     Faith    .   c - +0 kite shield
rNeg     . . .     Spirit   .   b - +0 scale mail
rPois    .         Reflect  .   (helmet restricted)
rElec    .         Harm     .   (no cloak)
rCorr    .         Rampage  .   (no gloves)
Will     .....                  e - +0 pair of boots
Stlth    ..........             (no amulet)
HPRegen  0.13/turn              (no ring)
MPRegen  0.09/turn              (no ring)

@: mighty
A: horns 2, icy blue scales 1
a: no special abilities


You were on level 6 of the Dungeon.
You visited 1 branch of the dungeon, and saw 4 of its levels.

You collected 78 gold pieces.

Inventory:

Hand Weapons
 a - a +0 trident (weapon)
Armour
 b - a +0 scale mail (worn)
 c - a +0 kite shield (worn)
 e - a +0 pair of boots (worn)
Scrolls
 f - a scroll of teleportation
 g - a scroll of enchant weapon {unknown}
 k - 3 scrolls of amnesia {unknown}
 m - a scroll of enchant armour {unknown}
Potions
 d - 2 potions of might
 h - a potion of flight {unknown}
 i - 2 potions of degeneration {unknown}
 j - a potion of lignification {unknown}
 l - a potion of ambrosia {unknown}


   Skills:
 - Level 3.0 Fighting
 * Level 3.7 Polearms
 + Level 3.5 Armour
 + Level 3.5 Shields


You had 4 spell levels left.
You didn't know any spells.
Your spell library was empty.

Dungeon Overview and Level Annotations

Branches:
Dungeon (3/15)

Altars:
Beogh

Annotations:
D:6 Edmund, Maggie


Innate Abilities, Weirdness & Mutations

You have a pair of horns on your head.
You are partially covered in icy blue scales. (AC +2)


Message History

Maggie gestures at you while chanting.
The bolt of fire hits the kobold!!
The kobold dies!
The bolt of fire hits you!
Maggie says, "How do the people who live here stand the isolation?"
Reach: a) +0 trident
Press: ? - help, Dir - move target, f/p - Maggie
Aim: Maggie, wielding a +0 war axe and wearing +0 steam dragon scales (lightly wounded, mesmerising, about 43% to evade your +0 trident)
You closely miss Maggie.
Maggie is lightly wounded.
Maggie hits you but does no damage.
You hit Maggie.
Maggie is lightly wounded.
You block Maggie's attack. Maggie hits you with a +0 war axe!
You closely miss Maggie.
Maggie is lightly wounded.
Maggie hits you with a +0 war axe.
You closely miss Maggie.
Maggie is lightly wounded.
Maggie hits you with a +0 war axe.
You feel very mighty all of a sudden. Maggie closely misses you.
You puncture Maggie!
Maggie is moderately wounded.
You break out of your daze.
Maggie hits you with a +0 war axe.
* * * LOW HITPOINT WARNING * * *
You barely miss Maggie.
Maggie is moderately wounded.
Maggie mumbles some strange words.
Maggie attempts to bespell you! You resist. You block Maggie's attack.
You puncture Maggie!
Maggie is heavily wounded.
Maggie hits you with a +0 war axe.
* * * LOW HITPOINT WARNING * * *
You puncture Maggie!
Maggie is severely wounded.
Maggie gestures at you while chanting. The bolt of fire hits you!
You die...

#.# #.# #># ## ##.@....
.##...### .##...# #
###.#....###
#.########...........
#...@@.........#.....
......#######)###.######
#.### #......# #
#.#.###.# # #.#.# # .
#.# ## ... ... #...


You could see Maggie.

Vanquished Creatures
  A kobold brigand (D:6)
  A hound skeleton (D:2)
  2 adders (D:2)
  A gnoll (D:1)
  An ufetubus (D:2)
  4 dart slugs (D:1)
  An orc (D:6)
  4 endoplasms (D:1)
  5 giant cockroaches
  3 goblins
  2 hobgoblins (D:1)
  2 quokkas
  3 ball pythons
  4 bats
  A frilled lizard (D:1)
  7 kobolds
  5 rats
47 creatures vanquished.

Vanquished Creatures (others)
  A kobold (D:6)
1 creature vanquished.

Grand Total: 48 creatures vanquished

Notes
Turn   | Place    | Note
-------+----------+-------------------------------------------
     0 | D:1      | McKennaii the Demonspawn Fighter began the quest for the
                  | Orb.
     0 | D:1      | Reached XP level 1. HP: 18/18 MP: 1/1
   106 | D:1      | Gained mutation: You have a pair of small horns on your
                  | head. [demonic ancestry]
   106 | D:1      | Reached XP level 2. HP: 24/24 MP: 2/2
   351 | D:1      | Gained mutation: You are partially covered in icy blue
                  | scales. (AC +2) [demonic ancestry]
   351 | D:1      | Reached XP level 3. HP: 29/29 MP: 3/3
   486 | D:1      | Found a faded altar of an unknown god.
  1031 | D:2      | Gained mutation: You have a pair of horns on your head.
                  | [demonic ancestry]
  1031 | D:2      | Reached XP level 4. HP: 35/35 MP: 4/4
  1477 | D:3      | You fall into a shaft and drop 3 floors!
  1482 | D:6      | Noticed Maggie
  1547 | D:6      | Noticed an orc warrior
  1583 | D:6      | Noticed Edmund
  1600 | D:6      | Noticed a kobold brigand
  1622 | D:6      | Killed a kobold brigand
  1623 | D:6      | Reached XP level 5. HP: 38/41 MP: 5/5
  1640 | D:6      | Killed from afar by Maggie

Illustrated notes

Levels and vault maps discovered:
D:1:      tarquinn_simple_flora_water_f, layout_loops_ring,
          hellmonk_ecumenical_altar_defaced_shrine
D:2:      layout_rooms, minmay_diced_spiral
D:3:      kennysheep_big_flooded_room, layout_loops_corners,
          minmay_misc_feat_nine_boxes
D:6:      layout_loops_ring, kennysheep_mini_moat, minmay_manual_mares,
          uniq_maggie, uniq_pikel, uniq_edmund

Skill      XL: |  1  2  3 |
---------------+----------+-----
Polearms       | 2 3 |  3.7
Armour         | 3 |  3.5
Shields        | 3 |  3.5
Fighting       | |  3.0

Action                   |  1- 3 |  4- 6 || total
-------------------------+-------+-------++-------
Melee: Trident           |    99 |    61 ||   160
       Headbutt          |     9 |     9 ||    18
  Use: Scroll            |       |     1 ||     1
       Potion            |       |     1 ||     1
 Stab: Distracted        |     1 |       ||     1
Armor: Scale mail        |    35 |    19 ||    54
Dodge: Dodged            |    17 |    15 ||    32
Block: Kite shield       |    32 |    21 ||    53
